 Dungeon Crawl Stone Soup version 0.26.1-2-gb8aa6d0cf2 (webtiles) character file.

Game seed: 14424689075156104779

9671 H0rd4k the Slicer (level 11, -4/83 HPs)
             Began as a Human Artificer on Mar 9, 2021.
             Was an Initiate of Gozag.
             Hit by a large rock thrown by a cyclops (6 damage)
             ... on level 11 of the Dungeon.
             The game lasted 00:26:21 (11216 turns).

H0rd4k the Slicer (Human Artificer)                Turns: 11216, Time: 00:26:22

Health: -4/83      AC:  9    Str: 15    XL:     11   Next: 78%
Magic:  11/11      EV: 12    Int: 17    God:    Gozag
Gold:   1148       SH:  0    Dex: 13    Spells: 10/10 levels left

rFire    . . .     SeeInvis .   y - +7 rapier "Qunom" {drain, rN+ Int+4}
rCold    + . .     Faith    .   (no shield)
rNeg     + . .     Spirit   .   o - +0 scale mail of the Sun {rC+ Regen+ rCorr}
rPois    .         Reflect  .   b - +2 hat
rElec    .         Harm     .   (no cloak)
rCorr    +         Rampage  .   (no gloves)
Will     .....                  (no boots)
Stlth    ++++......             u - amulet of regeneration
HPRegen  1.03/turn              t - ring of wizardry
MPRegen  0.12/turn              O - ring of Shadows {Umbra +Inv Stlth+}

@: mighty, gold aura, wreathed by umbra
A: no striking features
a: Renounce Religion, Evoke Invisibility, Potion Petition, Call Merchant, Bribe
Branch


You were on level 11 of the Dungeon.
You worshipped Gozag.
Gozag was most pleased with you.
You visited 2 branches of the dungeon, and saw 12 of its levels.

You collected 2020 gold pieces.
You spent 758 gold pieces at shops.
You paid 114 gold pieces to Gozag.

Inventory:

Hand Weapons
 y - the +7 rapier "Qunom" (weapon) {drain, rN+ Int+4}
   (You found it on level 3 of the Dungeon)

   A truly terrible weapon, it drains the life of those it strikes.
   It affects your intelligence (+4).
   It protects you from negative energy.
 M - a +0 dagger of venom
 R - a cursed +4 long sword of flaming
Missiles
 D - 30 poisoned darts (quivered)
Armour
 b - a +2 hat (worn)
 o - the +0 scale mail of the Sun (worn) {rC+ Regen+ rCorr}
   (You found it on level 8 of the Dungeon)

   It protects you from cold.
   It increases your rate of regeneration.
   It provides partial protection from all sources of acid and corrosion.
Jewellery
 a - an uncursed amulet of the acrobat {unknown}
 t - a ring of wizardry (left hand)
 u - an amulet of regeneration (around neck)
 E - an uncursed ring of see invisible
 O - the ring of Shadows (right hand) {Umbra +Inv Stlth+}
   (You bought it in a shop on level 4 of the Dungeon)

   [ring of stealth]

   It lets you turn invisible.
   It makes you more stealthy.
Wands
 d - a wand of enslavement (7)
 e - a wand of random effects (24)
 f - a wand of paralysis (7)
 l - a wand of acid (9)
 J - a wand of flame (52)
Scrolls
 g - 4 scrolls of remove curse
 h - 2 scrolls of amnesia
 i - a scroll of magic mapping
 k - a scroll of immolation
 n - 10 scrolls of teleportation
 p - a scroll of fog
 z - 4 scrolls of enchant armour
 I - a scroll of noise
Potions
 c - 2 potions of berserk rage
 j - 3 potions of curing
 m - a potion of mutation
 q - 3 potions of magic
 r - a potion of might
 s - a potion of ambrosia {unknown}
 v - 2 potions of brilliance
 w - 2 potions of attraction
 x - a potion of degeneration {unknown}
 A - 2 potions of lignification
 G - 2 potions of invisibility {unknown}
 H - a potion of resistance {unknown}
 N - 2 potions of flight
 Q - 3 potions of heal wounds {unknown}


   Skills:
 + Level 6.9 Fighting
 + Level 10.8(10.9) Short Blades
 + Level 2.1(7.3) Long Blades
 * Level 2.6 Crossbows
 + Level 0.1 Throwing
 + Level 6.8 Armour
 + Level 6.3 Dodging
 + Level 6.8 Stealth
 + Level 4.5 Evocations


You had 10 spell levels left.
You didn't know any spells.
Your spell library contained the following spells:

 Spells                   Type           Power        Failure   Level
 Confusing Touch          Hex            0%           65%         3
 Gell's Gravitas          Tloc           0%           65%         3
 Petrify                  Tmut/Erth      0%           95%         4
 Metabolic Englaciation   Hex/Ice        0%           100%        5
 Yara's Violent Unravell  Hex/Tmut       0%           100%        5


Dungeon Overview and Level Annotations

Branches:
Dungeon (11/15)            Temple (1/1) D:5            Lair (0/6) D:9
    Orc (0/2) D:9

Altars:
Cheibriados
Gozag
Kikubaaqudgha
Nemelex Xobeh
Okawaru
Ru
Sif Muna
Trog
Uskayaw
Xom
Zin
The Shining One

Shops:
D:4 =*(   D:5 *

Annotations:
D:2 exclusion: downstairs
D:3 Grinder
D:4 exclusions: downstairs and upstairs
D:6 1 exclusion
D:7 exclusion: downstairs
D:8 exclusion: downstairs


Message History

The wight closely misses you.
Urug hits you with a +1 vorpal long sword.
You closely miss Urug.
Urug is severely wounded.
The wight hits you from afar with a +5 spear.
* * * LOW HITPOINT WARNING * * *
You partially resist.
You feel drained.
* * * LOW HITPOINT WARNING * * *
You impale Urug!! You drain Urug.
You kill Urug!
Your life force feels restored.
The wight completely misses you.
The cyclops throws a large rock.
The large rock hits you!!
* * * LOW HITPOINT WARNING * * *
Items here: $ (( )) [[.
You impale the wight!!
You destroy the wight!
The cyclops throws a large rock.
The large rock hits you.
You die...
Your body crumbles into a pile of gold.

#.# #.# ....... #.# #..
....... #.# ### ...[..
#.# #...# #.# #... ##.##
#..# #...#### #..# #
#......# ####.<###.#
#...##.# #.@$.#...#...
######.#####.##$C......#
#.......##.#####......
#.##.##.##.# ...).
#.##.##.##.# ≈≈≈≈
#.##[......#


gg≈ #.#####.#### Yg #.# #.# ≈ #.# #.# You could see a cyclops.

Vanquished Creatures
  2 two-headed ogres (D:9)
  Urug (D:11)
  Joseph (D:9)
  A gargoyle (D:9)
  2 trolls (D:11)
  A wyvern (D:8)
  7 yaks
  2 steam dragons (D:10)
  Edmund (D:5)
  3 wargs
  2 water moccasins
  A sky beast (D:10)
  4 orc warriors
  4 black bears
  2 phantoms
  A necrophage (D:10)
  5 ogres
  A centaur (D:8)
  2 big kobolds
  6 bullfrogs
  A water moccasin zombie (D:5)
  A wyvern skeleton (D:10)
  4 killer bees (D:7)
  6 scorpions
  9 wights
  2 howler monkeys
  A centaur zombie (D:8)
  5 hounds
  A bullfrog zombie (D:6)
  8 orc priests
  2 gnoll shamans
  2 jellies (D:7)
  3 orc wizards
  4 bullfrog skeletons
  3 centaur skeletons
  3 iguanas
  9 worker ants
  A howler monkey zombie (D:8)
  12 gnolls
  11 adders
  2 shadow imps
  2 white imps
  An ooze (D:4)
  3 adder skeletons
  6 worms
  2 dart slugs
  11 leopard geckos
  41 orcs
  4 giant cockroaches
  6 goblins
  3 hobgoblins (D:3)
  10 jackals
  6 quokkas
  5 ball pythons
  6 bats
  7 frilled lizards
  11 kobolds
  14 rats
  A butterfly (D:5)
278 creatures vanquished.

Vanquished Creatures (collateral kills)
  An adder (D:2)
  A gnoll (D:3)
  A dart slug (D:2)
  A goblin (D:2)
  2 hobgoblins (D:2)
  A frilled lizard (D:3)
  A kobold (D:2)
8 creatures vanquished.

Vanquished Creatures (others)
  A bullfrog skeleton (D:10)
  2 gnolls
3 creatures vanquished.

Grand Total: 289 creatures vanquished

Notes
Turn   | Place    | Note
-------+----------+-------------------------------------------
     0 | D:1      | H0rd4k the Human Artificer began the quest for the Orb.
     0 | D:1      | Reached XP level 1. HP: 15/15 MP: 1/1
    96 | D:1      | Reached XP level 2. HP: 21/21 MP: 2/2
   793 | D:1      | Reached XP level 3. HP: 23/26 MP: 3/3
  1250 | D:2      | Found a shimmering blue altar of Sif Muna.
  1733 | D:2      | Reached XP level 4. HP: 32/32 MP: 4/4
  1807 | D:2      | Reached skill level 1 in Short Blades
  3033 | D:3      | Reached XP level 5. HP: 37/38 MP: 5/5
  3154 | D:3      | Noticed Grinder
  3167 | D:3      | Paralysed by Grinder for 6 turns
  3243 | D:3      | Paralysed by Grinder for 5 turns
  3689 | D:3      | Got a transparent rapier
  3690 | D:3      | Identified the +7 rapier "Qunom" {drain, rN+ Int+4} (You
                  | found it on level 3 of the Dungeon)
  3751 | D:4      | Reached skill level 1 in Long Blades
  3775 | D:4      | Found Bipofeumn's Assorted Antiques.
  3787 | D:4      | Reached XP level 6. HP: 42/44 MP: 6/6
  3805 | D:4      | Found Cinaom's Jewellery Shoppe.
  3807 | D:4      | Noticed an ogre
  3837 | D:4      | Killed an ogre
  3838 | D:4      | Reached skill level 2 in Short Blades
  3932 | D:4      | Reached XP level 7. HP: 23/51 MP: 7/7
  4325 | D:4      | Found Geab Vytu's Weapon Emporium.
  4352 | D:4      | Found a sacrificial altar of Ru.
  4554 | D:5      | Entered Level 5 of the Dungeon
  4636 | D:5      | Reached skill level 3 in Short Blades
  4729 | D:5      | Noticed Edmund
  4995 | D:5      | Found a sparkling altar of Nemelex Xobeh.
  4997 | D:5      | Found a bloodstained altar of Trog.
  4997 | D:5      | Found a shimmering altar of Xom.
  5079 | D:5      | Found a staircase to the Ecumenical Temple.
  5111 | Temple   | Entered the Ecumenical Temple
  5115 | Temple   | Became a worshipper of Gozag Ym Sagoz the Greedy
  5274 | D:5      | Reached skill level 4 in Short Blades
  5274 | D:5      | Reached XP level 8. HP: 45/58 MP: 8/8
  5483 | D:5      | Found Nuinint's General Store.
  5746 | D:6      | Reached skill level 5 in Short Blades
  5848 | D:6      | Found a glowing silver altar of Zin.
  5967 | D:6      | Found an ancient bone altar of Kikubaaqudgha.
  6297 | D:7      | Reached skill level 6 in Short Blades
  6348 | D:7      | Reached XP level 9. HP: 62/65 MP: 9/9
  6595 | D:7      | Reached skill level 7 in Short Blades
  7369 | D:8      | Found an iron altar of Okawaru.
  7855 | D:8      | Reached skill level 5 in Fighting
  7993 | D:8      | Reached skill level 8 in Short Blades
  8151 | D:8      | Reached XP level 10. HP: 67/74 MP: 10/10
  8187 | D:8      | Reached skill level 5 in Dodging
  8197 | D:8      | Got a bronze scale mail
  8601 | D:4      | Bought the ring of Shadows {Umbra +Inv Stlth+} for 400 gold
                  | pieces
  8601 | D:4      | Found the ring of Shadows {Umbra +Inv Stlth+}
  8636 | D:4      | Identified the cursed +0 scale mail of the Sun {rC+ Regen+
                  | rCorr} (You found it on level 8 of the Dungeon)
  8642 | D:4      | Bought a scroll of teleportation for 78 gold pieces
  8642 | D:4      | Bought a scroll of identify for 52 gold pieces
  8642 | D:4      | Bought a scroll of teleportation for 78 gold pieces
  8644 | D:4      | Bought a lead wand for 104 gold pieces
  8644 | D:4      | Bought a fizzy black potion for 23 gold pieces
  8644 | D:4      | Bought a coppery potion for 23 gold pieces
  8696 | D:5      | Killed Edmund
  9065 | D:9      | Noticed a gargoyle
  9085 | D:9      | Killed a gargoyle
  9086 | D:9      | Reached skill level 9 in Short Blades
  9086 | D:9      | Reached skill level 5 in Armour
  9230 | D:9      | Found a staircase to the Orcish Mines.
  9273 | D:9      | Noticed a two-headed ogre
  9357 | D:9      | Found a staircase to the Lair.
  9624 | D:9      | Noticed Joseph
  9641 | D:9      | Killed Joseph
  9642 | D:9      | Reached skill level 5 in Stealth
  9870 | D:9      | Killed a two-headed ogre
  9871 | D:9      | Reached skill level 10 in Short Blades
  9871 | D:9      | Reached XP level 11. HP: 83/83 MP: 11/11
  9902 | D:10     | Entered Level 10 of the Dungeon
  9936 | D:10     | Noticed a two-headed ogre
 10046 | D:9      | Killed a two-headed ogre
 10047 | D:9      | Reached skill level 1 in Crossbows
 11140 | D:11     | Noticed Urug
 11164 | D:11     | Noticed a cyclops
 11213 | D:11     | Killed Urug
 11214 | D:11     | HP: 1/83 [cyclops/large rock (24)]
 11216 | D:11     | Hit by a large rock thrown by a cyclops

Illustrated notes

Levels and vault maps discovered:
D:1:      scummos_arrival_gate, layout_loops_ring
D:2:      layout_basic, overflow_temple_1_default, minmay_tall_x
D:3:      layout_loops_cross, eino_tiny_chamber, minmay_misc_feat_diagonals,
          uniq_grinder
D:4:      layout_loops_ring, serial_shops, shop, shop_coins, shop,
          nicolae_ru_sacrificial_ziggurat
D:5:      layout_loops_ring, chequers_temple_overflow_statue_of_worship,
          minmay_temple_entry_butterflies, serial_shops,
          nicolae_shop_temple_entry_statues_fountains, uniq_edmund
D:6:      layout_cave_pools, lemuel_round_altar, zin_scriptorium
D:7:      layout_loops_ring, st_stairs_13
D:8:      layout_loops_corners, okawaru_ov_weapons_minmay
D:9:      layout_big_octagon, lair_entry_dummy, minmay_orc_entry_guard_dogs,
          uniq_joseph
D:10:     layout_roguey, hex_intersection, kennysheep_generic_room_14
D:11:     lemuel_flame_loot_2, layout_loops_ring, special_room
          [special_room_orc], enter_bailey_5, uniq_urug, uniq_fannar
Temple:   zaba_magenta_temple

Skill      XL: |  1  2  3  4  5  6  7  8  9 10 11 |
---------------+----------------------------------+-----
Short Blades   | 1 2 4 6 8 10 | 10.8
Dodging        | 2 3 4 5 6 |  6.3
Armour         | 3 4 6 |  6.8
Long Blades    | 1 2 |  2.1
Evocations     | 4 |  4.5
Fighting       | 2 3 5 6 |  6.9
Stealth        | 2 3 4 5 6 |  6.8
Crossbows      | 2 |  2.6
Throwing       | |  0.1

Action                   |  1- 3 |  4- 6 |  7- 9 | 10-12 || total
-------------------------+-------+-------+-------+-------++-------
Melee: Club              |    23 |       |       |       ||    23
       Dagger            |   137 |    62 |       |       ||   199
       Falchion          |       |    57 |       |       ||    57
       Rapier            |       |    45 |   339 |   365 ||   749
Throw: Dart              |       |       |       |     2 ||     2
Evoke: Wand              |     8 |    14 |     1 |    11 ||    34
  Use: Potion            |     2 |       |     1 |     1 ||     4
       Scroll            |       |       |     6 |    14 ||    20
 Stab: Sleeping          |     1 |     1 |     6 |    11 ||    19
       Distracted        |       |       |     2 |     4 ||     6
       Paralysed         |       |       |       |     3 ||     3
Armor: Leather armour    |    51 |    27 |    43 |     3 ||   124
       Scale mail        |       |       |       |    43 ||    43
Dodge: Dodged            |   106 |   105 |   199 |   158 ||   568
       Rpst.: Falchion   |       |    17 |       |       ||    17
